 Dungeon Crawl Stone Soup version 0.25-a0-71-ge910a4a285 (webtiles) character file.

Game seed: 2290599540875467626, levelgen mode: deterministic

1570 CasualChangeling the Covered (level 8, -4/52 HPs)
             Began as a Gargoyle Fighter on Nov 4, 2019.
             Was a Follower of Okawaru.
             Splashed by Pikel's acid (10 damage)
             ... on level 7 of the Dungeon.
             The game lasted 00:20:20 (6966 turns).

CasualChangeling the Covered (Gargoyle Fighter)     Turns: 6966, Time: 00:20:21

Health: -4/52      AC: 18    Str: 28    XL:     8   Next: 90%
Magic:  8/8        EV:  7    Int:  5    God:    Okawaru [*.....]
Gold:   270        SH: 11    Dex: 15    Spells: 7/7 levels left

rFire    . . .     SeeInvis .   a - +6 flail "Qanolur" {crush, rElec rPois Int-3 Dex+4}
rCold    + . .     Gourm    .   c - +0 shield
rNeg     + . .     Faith    .   e - +0 chain mail
rPois    ∞         Spirit   .   r - +0 helmet
rElec    +         Reflect  .   v - +0 cloak
rCorr    .         Harm     .   (no gloves)
MR       .....                  (no boots)
Stlth    ..........             (no amulet)
HPRegen  0.17/turn              F - +2 ring of dexterity
MPRegen  0.11/turn              y - ring of protection from cold

@: mighty
A: negative energy resistance 1, electricity resistance, unbreathing,
petrification resistance, rot immunity, AC +5
a: Heroism, Renounce Religion


You were on level 7 of the Dungeon.
You worshipped Okawaru.
Okawaru was aware of your devotion.
You were not hungry.

You visited 2 branches of the dungeon, and saw 8 of its levels.

You collected 270 gold pieces.

Inventory:

Hand Weapons
 a - the +6 flail "Qanolur" (weapon) {crush, rElec rPois Int-3 Dex+4}
   (You found it on level 6 of the Dungeon)

   It inflicts extra damage upon your enemies.
   It affects your intelligence (-3).
   It affects your dexterity (+4).
   It insulates you from electricity.
   It protects you from poison.
Missiles
 u - an atropa-tipped dart
 B - 3 boomerangs
 C - 18 poisoned darts (quivered)
Armour
 c - a +0 shield (worn)
 e - a +0 chain mail (worn)
 r - a +0 helmet (worn)
 v - a +0 cloak (worn)
Magical Staves
 n - an uncursed staff of power
Jewellery
 y - a ring of protection from cold (right hand)
 F - a +2 ring of dexterity (left hand)
Wands
 o - a wand of polymorph (7)
 G - a wand of paralysis (10)
Scrolls
 h - 8 scrolls of identify
 k - 2 scrolls of amnesia
 s - 6 scrolls of remove curse
 x - 2 scrolls of enchant weapon
 D - 3 scrolls of teleportation
 H - a scroll of blinking
 I - a scroll of brand weapon {unknown}
 J - a scroll of fog {unknown}
Potions
 d - a potion of might
 g - 2 potions of brilliance {unknown}
 i - a potion of agility
 j - 2 potions of haste
 l - 2 potions of heal wounds {unknown}
 m - a potion of lignification {unknown}
 p - a potion of berserk rage {unknown}
 q - 3 potions of curing {unknown}
 t - a potion of mutation {unknown}
 w - a potion of flight {unknown}
 z - a potion of degeneration {unknown}
 A - a potion of cancellation {unknown}
 E - a potion of ambrosia {unknown}
Comestibles
 b - 4 chunks of flesh
 f - 11 rations


   Skills:
 + Level 6.4 Fighting
 + Level 5.4 Maces & Flails
 - Level 3.1 Throwing
 + Level 6.5 Armour
 + Level 6.4 Shields


You had 7 spell levels left.
You didn't know any spells.
Your spell library contained the following spells:

 Spells                   Type           Power        Failure   Level  Hunger
 Magic Dart               Conj           #...         100%        1    ##.....
 Searing Ray              Conj           #.....       100%        2    ###....
 Dazzling Spray           Conj/Hex       #.....       100%        3    ####...
 Force Lance              Conj/Tloc      #.......     100%        4    #####..
 Fulminant Prism          Conj/Hex       #.........   100%        4    #####..
 Iskenderun's Mystic Bla  Conj           #.......     100%        4    #####..


Dungeon Overview and Level Annotations

Branches:
Dungeon (7/15)             Temple (1/1) D:6

Altars:
Ashenzari
Cheibriados
Dithmenos
Elyvilon
Fedhas
Gozag
Hepliaklqana
Kikubaaqudgha
Makhleb
Nemelex Xobeh
Okawaru
Qazlal
Ru
Sif Muna
Trog
Uskayaw
Vehumet
Wu Jian
Xom
Yredelemnul
The Shining One

Annotations:
D:7 Pikel


Innate Abilities, Weirdness & Mutations

You are resistant to torment.
Your stone body is resilient. (AC +5)
You are immune to poison.
You resist negative energy. (rN+)
You are resistant to electric shocks. (rElec)
You can survive without breathing.
You are immune to petrification.
You are immune to rotting.


Message History

You block the slave's attack.
A slave comes into view.
You thump the slave!
The slave is almost dead.
You block the slave's attack.
You sock the slave!
You kill the slave!
That felt strangely unrewarding.
You closely miss Pikel. You sock Pikel!
Pikel is heavily wounded.
Pikel zaps a wand.
The bolt of acid hits you!
You are splashed with acid!
Pikel hits you but does no damage.
You are too injured to fight recklessly!
You are too injured to fight recklessly!
You feel very mighty all of a sudden.
Pikel zaps a wand.
The bolt of acid hits you!!
* * * LOW HITPOINT WARNING * * *
You are splashed with acid!
You die...

....
####p..#
#....K.#
#.# #p#
##p#
#ph#
#K## #@#
#.# #.#
#.# #.#
#.# #.#
#.# #.#
#.# #.#


You could see Pikel, 3 slaves and a hound.

Vanquished Creatures
  Eustachio (D:4)
  A slave (D:7)
  2 black bears
  An ice beast (D:5)
  2 ogres
  3 centaurs
  2 crimson imps
  A quasit (D:4)
  2 hounds (D:4)
  3 orc priests
  Jessica (D:3)
  Natasha (thrice) (D:3 D:2)
  2 iguanas
  3 orc wizards
  4 worker ants
  A killer bee zombie (D:5)
  3 adders
  3 worms
  A dart slug (D:3)
  5 leopard geckos
  21 orcs
  A ball python (D:6)
  2 bat zombies (D:5)
  5 giant cockroaches
  8 goblins
  9 hobgoblins
  7 jackals
  11 kobolds
  4 quokkas
  10 bats
  6 frilled lizards
  A leopard gecko skeleton (D:7)
  5 rats
  2 rat zombies (D:5)
136 creatures vanquished.

Notes
Turn   | Place    | Note
-------+----------+-------------------------------------------
     0 | D:1      | CasualChangeling the Gargoyle Fighter began the quest for
                  | the Orb.
     0 | D:1      | Reached XP level 1. HP: 14/14 MP: 1/1
   260 | D:1      | Reached XP level 2. HP: 19/19 MP: 2/2
  1043 | D:2      | Reached XP level 3. HP: 23/23 MP: 3/3
  1664 | D:2      | Reached XP level 4. HP: 29/29 MP: 4/4
  2253 | D:3      | Noticed Natasha
  2266 | D:3      | Killed Natasha
  2266 | D:3      | Reached XP level 5. HP: 26/33 MP: 5/5
  2270 | D:3      | Reached skill level 1 in Throwing
  2345 | D:3      | Noticed Natasha
  2355 | D:3      | Killed Natasha
  2538 | D:3      | Noticed Natasha
  2853 | D:2      | Killed Natasha
  3183 | D:2      | Reached XP level 6. HP: 28/39 MP: 6/6
  3674 | D:3      | Noticed Jessica
  3682 | D:3      | Killed Jessica
  3828 | D:4      | Noticed Eustachio
  3843 | D:4      | Killed Eustachio
  3843 | D:4      | Reached XP level 7. HP: 44/44 MP: 7/7
  3994 | D:4      | Reached skill level 5 in Armour
  3994 | D:4      | Reached skill level 5 in Shields
  4150 | D:4      | Reached skill level 5 in Fighting
  4593 | D:5      | Entered Level 5 of the Dungeon
  4593 | D:5      | Found a blossoming altar of Fedhas.
  4604 | D:5      | Found a stormy altar of Qazlal.
  4671 | D:5      | Found an iron altar of Okawaru.
  4703 | D:5      | Became a worshipper of Warmaster Okawaru
  4886 | D:5      | Reached XP level 8. HP: 50/50 MP: 8/8
  5095 | D:5      | Found an ancient bone altar of Kikubaaqudgha.
  5419 | D:5      | Found a glowing golden altar of the Shining One.
  5461 | D:5      | Found a sparkling altar of Nemelex Xobeh.
  5944 | D:6      | Found a staircase to the Ecumenical Temple.
  5997 | Temple   | Entered the Ecumenical Temple
  6255 | D:6      | Got a scorched flail
  6256 | D:6      | Identified the +6 flail "Qanolur" {crush, rElec rPois Int-3
                  | Dex+4} (You found it on level 6 of the Dungeon)
  6282 | D:6      | Reached * piety under Okawaru
  6549 | D:7      | Reached skill level 5 in Maces & Flails
  6949 | D:7      | Noticed Pikel
  6966 | D:7      | Splashed by Pikel's acid

Levels and vault maps discovered:
D:1:      saegor_arrival_miasma, layout_basic
D:2:      layout_basic, chequers_avenue
D:3:      layout_basic, first_ration, uniq_jessica, uniq_natasha
D:4:      layout_basic, serial_park_tiny_1, uniq_eustachio
D:5:      layout_cave_pods, grunt_temple_overflow_forces_of_nature,
          lemuel_zombie_altar_kikubaaqudgha, nicolae_overflow_hidden_temple,
          okawaru_ov_weapons_minmay
D:6:      layout_cave_pools, minmay_temple_entry_offerings
D:7:      layout_loops_ring, overflow_temple_1_default, nicolae_zen_rock_garden,
          grunt_livestock, uniq_pikel
Temple:   regret_index_temple_sphere_string

Skill      XL: |  1  2  3  4  5  6  7  8 |
---------------+-------------------------+-----
Shields        | 4 5 6 |  6.4
Armour         | 4 5 6 |  6.5
Fighting       | 4 5 6 |  6.4
Maces & Flails | 3 4 5 |  5.4
Throwing       | 1 2 3 |  3.1

Action                   |  1- 3 |  4- 6 |  7- 9 || total
-------------------------+-------+-------+-------++-------
Melee: Flail             |   185 |   227 |   282 ||   694
       Mace              |       |     5 |       ||     5
Throw: Dart              |       |    11 |     9 ||    20
       Boomerang         |       |       |     3 ||     3
  Use: Scroll            |       |     7 |     2 ||     9
       Potion            |       |       |     1 ||     1
 Stab: Invisible         |       |     2 |       ||     2
  Eat: Chunk             |     2 |     5 |     7 ||    14
       Ration            |       |     1 |     1 ||     2
Armor: Chain mail        |   145 |   135 |   215 ||   495
       Scale mail        |     1 |       |       ||     1
Dodge: Dodged            |    45 |    55 |    85 ||   185
Block: Shield            |   100 |   120 |   197 ||   417

Table legend:
 A = Non-vault XP
 B = Vault XP
 C = Vault XP percentage of total XP
 D = Non-vault monster count
 E = Vault monster count
 F = Vault count percentage of total count
                 A         B        C        D         E       F
            +---------+---------+-------+---------+---------+-------
      Total |    1962 |     281 |  12.5 |     128 |       7 |   5.2
            +---------+---------+-------+---------+---------+-------
        D:1 |      25 |       0 |   0.0 |      16 |       0 |   0.0
        D:2 |     199 |       0 |   0.0 |      32 |       0 |   0.0
        D:3 |     169 |      72 |  29.9 |      33 |       2 |   5.7
        D:4 |     337 |     203 |  37.6 |      10 |       1 |   9.1
        D:5 |     369 |       6 |   1.6 |      16 |       4 |  20.0
        D:6 |     406 |       0 |   0.0 |      14 |       0 |   0.0
        D:7 |     457 |       0 |   0.0 |       7 |       0 |   0.0
            +---------+---------+-------+---------+---------+-------
